AoeStats
← [KBRA] sir_teleco

Arabian Desert

510114152Analyzed
1v1 RM · 3d ago on Sep 29, 2026· 60m 52s· 2 players
Game mode
Random Map
Map size
Tiny (2 player)
Population
200
Speed
Normal
Resources
Standard
Victory
Conquest
Starting age
Dark Age
Ending age
Imperial Age
RankedLock teamsTeams togetherTeam positionsShared explorationLock speedFull tech treeHidden civsTurbo modeCheats
Victory
Defeat
🇺🇸 Wei · United States
979
+16
🇪🇸 Mongols · Spain
976
-16
[KBRA] sir_teleco
3:00 Loom
9:04 Feudal Age
9:33 Double-Bit Axe
18:41 Castle Age
18:43 Bloodlines
20:33 Husbandry
23:52 Wheelbarrow
26:20 Hand Cart
27:38 Town Watch
28:27 Fletching
28:38 Padded Archer Armor
29:38 Thumb Ring
29:43 Bodkin Arrow
30:44 Hand Cart
31:58 Nomads
33:29 Squires
33:14 Arson
35:19 Ballistics
34:55 Murder Holes
36:23 Leather Archer Armor
36:15 Scale Barding Armor
52:06 Imperial Age
52:33 Heavy Camel Rider
57:21 Conscription
60:02 Horse Collar
Pumbloom
7:05 Loom
9:38 Feudal Age
11:55 Double-Bit Axe
15:55 Horse Collar
18:42 Wheelbarrow
22:41 Castle Age
22:00 Bloodlines
21:42 Fletching
21:53 Padded Archer Armor
22:47 Stone Mining
23:30 Bodkin Arrow
23:51 Leather Archer Armor
23:33 Gold Mining
24:18 Stone Shaft Mining
23:56 Bow Saw
26:16 Gold Shaft Mining
27:19 Forging
27:15 Scale Barding Armor
29:43 Elite Skirmisher
31:48 Bloodlines
31:39 Husbandry
42:42 Imperial Age
45:40 Iron Casting
59:36 Elite Tiger Cavalry
Connection lost

Rejoining the realm…

Still unreachable

The connection could not be restored.

Session expired

The server has moved on; the page needs a fresh start.